 Dungeon Crawl Stone Soup version 0.20.1-2-g1830e616b0 (webtiles) character file.

53 Alfie the Shooter (level 4, -1/34 HPs)
             Began as a Human Hunter on Feb 3, 2020.
             Slain by an adder (2 damage)
             ... on level 2 of the Dungeon.
             The game lasted 00:02:43 (855 turns).

Alfie the Shooter (Human Hunter)                     Turns: 855, Time: 00:02:44

Health: -1/34      AC:  3    Str: 13    XL:     4   Next: 11%
Magic:  4/4        EV: 12    Int: 11    God:
Gold:   39         SH:  0    Dex: 14    Spells: 3/3 levels left

rFire    . . .     SeeInvis .   a - +1 shortbow
rCold    . . .     Gourm    .   (shield currently unavailable)
rNeg     . . .     Faith    .   c - +0 leather armour
rPois    .         Spirit   .   (no helmet)
rElec    .         Reflect  .   (no cloak)
rCorr    .         Harm     .   (no gloves)
MR       .....                  (no boots)
Stlth    +.........             (no amulet)
Regen    0.2/turn               (no ring)
MPRegen  0.1/turn               (no ring)

@: no status effects
A: no striking features
a: no special abilities


You were on level 2 of the Dungeon.
You were not hungry.

You visited 1 branch of the dungeon, and saw 2 of its levels.

You collected 39 gold pieces.

Inventory:

Hand Weapons
 a - a +1 shortbow (weapon)
 b - a +0 short sword
Missiles
 d - 9 arrows (quivered)
Armour
 c - a +0 leather armour (worn)
Jewellery
 e - a +4 ring of strength {unknown}
 g - a +3 ring of intelligence {unknown}
 o - an uncursed ring of see invisible {unknown}
Scrolls
 h - a scroll of noise {unknown}
 k - a scroll of identify {unknown}
 n - a scroll of recharging {unknown}
 p - 2 scrolls of remove curse
Potions
 l - 2 potions of curing {unknown}
Comestibles
 f - 4 bread rations
 i - a meat ration
 j - a royal jelly
 m - 4 fruits


   Skills:
 + Level 2.4 Fighting
 + Level 5.1 Bows
 + Level 0.4 Armour
 + Level 2.0 Dodging
 + Level 1.0 Stealth


You had 3 spell levels left.
You didn't know any spells.

Dungeon Overview and Level Annotations

Branches:
Dungeon (2/15)

Altars:
Ashenzari
Makhleb
Qazlal


Message History

* * * LOW HITPOINT WARNING * * *
The adder bites you.
* * * LOW HITPOINT WARNING * * *
The adder bites you but does no damage. The adder bites you.
* * * LOW HITPOINT WARNING * * *
Firing (i - inventory):
d - 11 arrows (quivered)
Press: ? - help, Shift-Dir - straight line, f - adder
Aim: an adder You shoot an arrow.
The arrow closely misses the adder.
The arrow barely misses the ball python.
The adder bites you.
* * * LOW HITPOINT WARNING * * *
Firing (i - inventory):
d - 10 arrows (quivered)
Press: ? - help, Shift-Dir - straight line, f/p - adder
Aim: an adder You shoot an arrow.
The arrow completely misses the adder.
The arrow barely misses the ball python.
The adder bites you.
You die...

###### #....# #....#
######....# #.........# #
#.........# #####..
########.........# .......
....#............###!......
......>.........@SS....(.....
...................#....>...(
...[...............#.#.......
..............######.........
..(...........######.#......w
..(...(......................
?%...................##......
#...........###.#..... ..._..
##.....#..........###


You could see an adder and a ball python.

Vanquished Creatures
  Natasha (D:2)
  A dart slug (D:2)
  A leopard gecko (D:1)
  4 bats (D:1)
  3 giant cockroaches (D:2)
  2 goblins (D:2)
  3 hobgoblins
  2 ball pythons (D:1)
  2 frilled lizards (D:1)
  4 kobolds
  3 rats
26 creatures vanquished.

Notes
Turn   | Place    | Note
-------+----------+-------------------------------------------
     0 | D:1      | Alfie the Human Hunter began the quest for the Orb.
     0 | D:1      | Reached XP level 1. HP: 16/16 MP: 1/1
   158 | D:1      | Reached XP level 2. HP: 22/22 MP: 2/2
   722 | D:2      | Found a stormy altar of Qazlal.
   738 | D:2      | Reached XP level 3. HP: 24/27 MP: 3/3
   774 | D:2      | Found a burning altar of Makhleb.
   818 | D:2      | Noticed Natasha
   827 | D:2      | Killed Natasha
   827 | D:2      | Reached skill level 5 in Bows
   827 | D:2      | Reached XP level 4. HP: 5/34 MP: 4/4
   847 | D:2      | Found a shattered altar of Ashenzari.
   854 | D:2      | HP: 1/34 [adder (2)]
   855 | D:2      | Slain by an adder

Skill      XL: |  1  2  3 |
---------------+----------+-----
Bows           | 5 |  5.1
Fighting       | |  2.4
Armour         | |  0.4
Dodging        | |  2.0
Stealth        | |  1.0

Action                   |  1- 3 |  4- 6 || total
-------------------------+-------+-------++-------
 Fire: Shortbow          |    59 |     2 ||    61
  Use: Scroll            |     4 |       ||     4
Armor: Leather armour    |     4 |     3 ||     7
Dodge: Dodged            |     8 |       ||     8
